1689 views
Uploaded 2023-04-23 16:28:59
Game version 1.35 (6115)
24:47 long 2on2 ladder game on (4)Synergy_S2
Saved by DKnight
1689 views
Uploaded 2023-04-23 16:28:59
Game version 1.35 (6115)
24:47 long 2on2 ladder game on (4)Synergy_S2


99 units @ 12.3k
/ 1.8k
41 buildings @ 7.6k
/ 3.5k


| Staff of Preservation | 1 | 150 |
| Lesser Clarity Potion | 1 | 70 |
| Orb of Venom | 1 | 325 |
| Dust of Appearance | 1 | 75 |
| Scroll of Town Portal | 1 | 350 |
| Periapt of Vitality | 1 | 325 |
| Boots of Speed | 1 | 250 |
| total: | 7 | 1545g |
| Wisp | 37 | 2220 | / | 0 |
| Archer | 3 | 390 | / | 30 |
| Dryad | 3 | 435 | / | 180 |
| Mountain Giant | 2 | 700 | / | 200 |
| Faerie Dragon | 1 | 155 | / | 25 |
| Chimaera | 4 | 1320 | / | 280 |
| Hippogryph | 4 | 640 | / | 80 |
| Ice Troll Berserker | 1 | 245 | / | 30 |
| total: | 55 | 6105g | / | 825w |
| Altar of Elders | 1 | 180 | / | 50 |
| Moon Well | 8 | 1440 | / | 320 |
| Ancient of War | 1 | 150 | / | 60 |
| Tree of Life | 6 | 2040 | / | 1110 |
| Ancient of Wonders | 1 | 90 | / | 30 |
| Hunter's Hall | 1 | 210 | / | 100 |
| Ancient of Lore | 2 | 310 | / | 290 |
| Ancient of Wind | 1 | 150 | / | 140 |
| Chimaera Roost | 2 | 280 | / | 380 |
| Tree of Ages | 1 | 320 | / | 180 |
| Tree of Eternity | 1 | 330 | / | 200 |
| total: | 23 | 4850g | / | 2480w |
| 0:03 | Wisp |
| 0:04 | Wisp |
| 0:04 | Wisp |
| 0:13 | Altar of Elders |
| 0:20 | Moon Well |
| 0:37 | Ancient of War |
| 0:46 | Wisp |
| 0:46 | Wisp |
| 1:11 | Wisp |
| 1:11 | Wisp |
| 1:11 | Wisp |
| 1:37 | Moon Well |
| 1:42 | Archer |
| 1:50 | Wisp |
| 2:19 | Mana Burn |
| 2:54 | Moon Well |
| 2:57 | Wisp |
| 3:03 | Archer |
| 3:07 | Evasion |
| 3:18 | Tree of Ages |
| 3:25 | Archer |
| 4:08 | Moon Well |
| 4:17 | Ice Troll Berserker |
| 5:35 | Tree of Life |
| 5:39 | Mana Burn |
| 5:48 | Wisp |
| 5:59 | Ancient of Wonders |
| 6:09 | Periapt of Vitality |
| 6:09 | Boots of Speed |
| 6:43 | Hunter's Hall |
| 7:07 | Staff of Preservation |
| 7:08 | Dust of Appearance |
| 7:09 | Lesser Clarity Potion |
| 7:13 | Entangling Roots |
| 7:21 | Wisp |
| 7:45 | Moon Well |
| 7:57 | Ancient of Lore |
| 8:05 | Wisp |
| 8:08 | Ancient of Lore |
| 8:19 | Wisp |
| 8:19 | Wisp |
| 9:01 | Wisp |
| 9:01 | Wisp |
| 9:23 | Abolish Magic |
| 9:24 | Dryad |
| 9:38 | Wisp |
| 9:38 | Wisp |
| 9:46 | Wisp |
| 10:11 | Dryad |
| 10:25 | Mountain Giant |
| 10:27 | Ultravision |
| 10:27 | Strength of the Wild |
| 10:47 | Force of Nature |
| 11:26 | Evasion |
| 11:36 | Moon Well |
| 11:38 | Tree of Eternity |
| 12:02 | Reinforced Hides |
| 12:09 | Ancient of Wind |
| 12:28 | Moon Well |
| 12:30 | Mountain Giant |
| 12:58 | Improved Strength of the Wild |
| 13:39 | Tree of Life |
| 13:45 | Tree of Life |
| 15:05 | Force of Nature |
| 16:53 | Chimaera Roost |
| 16:53 | Chimaera Roost |
| 17:01 | Wisp |
| 17:01 | Wisp |
| 17:01 | Wisp |
| 17:02 | Wisp |
| 17:02 | Wisp |
| 17:04 | Wisp |
| 17:04 | Wisp |
| 17:04 | Wisp |
| 17:04 | Wisp |
| 17:04 | Wisp |
| 17:04 | Wisp |
| 17:19 | Dryad |
| 17:21 | Well Spring |
| 17:22 | Improved Reinforced Hides |
| 17:32 | Scroll of Town Portal |
| 17:33 | Orb of Venom |
| 17:42 | Faerie Dragon |
| 17:42 | Wisp |
| 17:43 | Wisp |
| 18:14 | Tree of Life |
| 18:26 | Chimaera |
| 18:29 | Moon Well |
| 18:50 | Chimaera |
| 19:46 | Entangling Roots |
| 20:01 | Tree of Life |
| 20:06 | Chimaera |
| 20:12 | Corrosive Breath |
| 20:56 | Wisp |
| 20:56 | Wisp |
| 20:56 | Wisp |
| 20:56 | Wisp |
| 21:01 | Chimaera |
| 21:51 | Hippogryph |
| 21:51 | Hippogryph |
| 21:51 | Hippogryph |
| 21:51 | Hippogryph |
| 21:53 | Mana Burn |
| 23:12 | Tree of Life |
| 23:21 | Advanced Strength of the Wild |
| 24:29 | Metamorphosis |
| Right click | 1198 |
| Select group | 959 |
| Select | 500 |
| Misc. action | 174 |
| Build/train/purchase | 104 |
| Use ability | 54 |
| Assign group | 44 |
| Resource trade | 41 |
| Minimap ping | 34 |
| Remove unit | 7 |
| Item give/drop | 4 |
| Chat | 4 |
| Esc | 1 |


| Healing Salve | 2 | 200 |
| Lesser Clarity Potion | 2 | 140 |
| Potion of Healing | 1 | 150 |
| Orb of Lightning | 1 | 375 |
| Potion of Mana | 1 | 200 |
| Scroll of Town Portal | 1 | 350 |
| Potion of Lesser Invulnerability | 1 | 150 |
| total: | 9 | 1565g |
| Peon | 9 | 675 | / | 0 |
| Troll Headhunter | 8 | 1120 | / | 160 |
| Shaman | 8 | 1040 | / | 160 |
| Troll Witch Doctor | 4 | 580 | / | 100 |
| Troll Berserker | 7 | 980 | / | 140 |
| Demolisher | 8 | 1760 | / | 400 |
| total: | 44 | 6155g | / | 960w |
| Watch Tower | 3 | 330 | / | 240 |
| Altar of Storms | 1 | 180 | / | 50 |
| Orc Burrow | 8 | 1280 | / | 320 |
| War Mill | 1 | 205 | / | 0 |
| Barracks | 1 | 180 | / | 50 |
| Voodoo Lounge | 2 | 260 | / | 60 |
| Spirit Lodge | 2 | 300 | / | 300 |
| Stronghold | 1 | 315 | / | 190 |
| Fortress | 1 | 325 | / | 190 |
| total: | 18 | 2735g | / | 1020w |
| 0:03 | Peon |
| 0:03 | Peon |
| 0:07 | Altar of Storms |
| 0:19 | Orc Burrow |
| 0:21 | Peon |
| 0:41 | Peon |
| 0:49 | War Mill |
| 1:06 | Barracks |
| 1:12 | Peon |
| 1:22 | Peon |
| 1:45 | Orc Burrow |
| 1:49 | Peon |
| 2:02 | Voodoo Lounge |
| 2:07 | Feral Spirit |
| 2:08 | Troll Headhunter |
| 2:22 | Troll Headhunter |
| 2:43 | Troll Headhunter |
| 3:07 | Stronghold |
| 3:26 | Troll Headhunter |
| 3:39 | Troll Headhunter |
| 3:52 | Chain Lighting |
| 3:55 | Orc Burrow |
| 4:14 | Troll Headhunter |
| 4:39 | Troll Headhunter |
| 5:37 | Fortress |
| 5:49 | Troll Headhunter |
| 5:55 | Spirit Lodge |
| 6:19 | Feral Spirit |
| 6:33 | Spirit Lodge |
| 6:34 | War Stomp |
| 6:43 | Healing Salve |
| 6:43 | Healing Salve |
| 6:43 | Lesser Clarity Potion |
| 6:54 | Orc Burrow |
| 6:57 | Reinforced Defenses |
| 7:18 | Watch Tower |
| 7:42 | Shaman Adept Training |
| 7:58 | Peon |
| 8:06 | Witch Doctor Adept Training |
| 8:08 | Peon |
| 8:51 | Berserker Upgrade |
| 9:14 | Shaman Master Training |
| 9:14 | Witch Doctor Master Training |
| 9:36 | Watch Tower |
| 9:46 | Shaman |
| 9:51 | Watch Tower |
| 10:09 | Shaman |
| 10:11 | Troll Witch Doctor |
| 10:31 | Voodoo Lounge |
| 10:42 | Troll Witch Doctor |
| 10:42 | Troll Berserker |
| 10:42 | Troll Berserker |
| 10:46 | Endurance Aura |
| 10:56 | Shaman |
| 11:00 | Orc Burrow |
| 11:24 | Steel Ranged Weapons |
| 11:26 | Orc Burrow |
| 11:28 | Steel Armor |
| 12:01 | Troll Berserker |
| 12:02 | Shaman |
| 12:02 | Troll Witch Doctor |
| 12:30 | Chain Lighting |
| 12:51 | Thorium Ranged Weapons |
| 12:57 | Shaman |
| 13:27 | Shaman |
| 13:40 | Burning Oil |
| 13:40 | Demolisher |
| 14:58 | Demolisher |
| 14:58 | Demolisher |
| 15:05 | War Stomp |
| 16:49 | Feral Spirit |
| 16:51 | Demolisher |
| 16:56 | Troll Witch Doctor |
| 16:59 | Orc Burrow |
| 17:00 | Arcanite Ranged Weapons |
| 17:00 | Thorium Armor |
| 17:21 | Troll Regeneration |
| 17:23 | Orc Burrow |
| 17:34 | Potion of Healing |
| 17:35 | Orb of Lightning |
| 17:35 | Potion of Mana |
| 17:36 | Lesser Clarity Potion |
| 18:09 | Demolisher |
| 18:48 | Demolisher |
| 20:06 | Demolisher |
| 20:07 | Shaman |
| 20:07 | Shaman |
| 21:10 | Scroll of Town Portal |
| 21:11 | Potion of Lesser Invulnerability |
| 22:05 | Troll Berserker |
| 22:06 | Troll Berserker |
| 22:35 | Troll Berserker |
| 22:35 | Troll Berserker |
| 23:41 | Demolisher |
| 24:45 | Endurance Aura |
| Right click | 1490 |
| Select group | 1460 |
| Select | 487 |
| Misc. action | 401 |
| Build/train/purchase | 127 |
| Use ability | 70 |
| Assign group | 59 |
| Minimap ping | 28 |
| Resource trade | 8 |
| Chat | 5 |
| Item give/drop | 3 |
| Remove unit | 2 |
62 units @ 11.1k
/ 2.2k
26 buildings @ 4.2k
/ 1.3k


| Rod of Necromancy | 3 | 450 |
| Ritual Dagger | 1 | 125 |
| Sacrificial Skull | 1 | 50 |
| Orb of Corruption | 1 | 375 |
| Scroll of Town Portal | 4 | 1400 |
| Scroll of Healing | 3 | 750 |
| total: | 13 | 3150g |
| Acolyte | 5 | 375 | / | 0 |
| Ghoul | 3 | 360 | / | 0 |
| Crypt Fiend | 8 | 1720 | / | 320 |
| Obsidian Statue | 8 | 1600 | / | 280 |
| Goblin Sapper | 3 | 645 | / | 300 |
| total: | 27 | 4700g | / | 900w |
| Nerubian Tower | 3 | 300 | / | 60 |
| Spirit Tower | 2 | 290 | / | 80 |
| Graveyard | 1 | 215 | / | 0 |
| Crypt | 1 | 200 | / | 50 |
| Altar of Darkness | 1 | 180 | / | 50 |
| Ziggurat | 7 | 1050 | / | 350 |
| Tomb of Relics | 1 | 130 | / | 30 |
| Necropolis | 1 | 225 | / | 0 |
| Slaughterhouse | 1 | 140 | / | 135 |
| Sacrificial Pit | 1 | 75 | / | 150 |
| Halls of the Dead | 1 | 320 | / | 210 |
| Black Citadel | 1 | 325 | / | 230 |
| total: | 14 | 2215g | / | 765w |
| 0:03 | Acolyte |
| 0:03 | Acolyte |
| 0:09 | Graveyard |
| 0:21 | Crypt |
| 0:40 | Altar of Darkness |
| 0:57 | Ziggurat |
| 1:22 | Ghoul |
| 1:26 | Tomb of Relics |
| 1:49 | Ghoul |
| 1:51 | Crypt Fiend |
| 2:00 | Ziggurat |
| 2:21 | Crypt Fiend |
| 2:32 | Nerubian Tower |
| 2:45 | Death Coil |
| 2:46 | Rod of Necromancy |
| 2:59 | Ghoul |
| 3:46 | Halls of the Dead |
| 3:51 | Unholy Aura |
| 3:53 | Crypt Fiend |
| 4:12 | Crypt Fiend |
| 5:02 | Crypt Fiend |
| 5:40 | Rod of Necromancy |
| 5:40 | Ritual Dagger |
| 6:09 | Black Citadel |
| 6:28 | Death Coil |
| 6:39 | Nerubian Tower |
| 6:44 | Slaughterhouse |
| 6:53 | Ziggurat |
| 7:21 | Frost Nova |
| 7:22 | Rod of Necromancy |
| 7:23 | Sacrificial Skull |
| 7:56 | Obsidian Statue |
| 8:09 | Burrow |
| 8:24 | Crypt Fiend |
| 8:40 | Obsidian Statue |
| 9:29 | Destroyer Form |
| 9:31 | Creature Attack |
| 9:43 | Frost Armor |
| 10:08 | Orb of Corruption |
| 10:15 | Scroll of Town Portal |
| 10:47 | Ziggurat |
| 12:00 | Crypt Fiend |
| 12:03 | Improved Creature Attack |
| 12:11 | Ziggurat |
| 12:12 | Ziggurat |
| 12:41 | Crypt Fiend |
| 12:54 | Sacrificial Pit |
| 13:21 | Unholy Aura |
| 13:24 | Spirit Tower |
| 13:25 | Spirit Tower |
| 13:34 | Acolyte |
| 13:34 | Acolyte |
| 13:38 | Advanced Creature Attack |
| 15:06 | Obsidian Statue |
| 15:06 | Obsidian Statue |
| 15:41 | Scroll of Healing |
| 15:46 | Frost Nova |
| 16:45 | Scroll of Town Portal |
| 17:00 | Obsidian Statue |
| 17:26 | Goblin Sapper |
| 17:26 | Goblin Sapper |
| 17:26 | Goblin Sapper |
| 17:40 | Obsidian Statue |
| 18:28 | Obsidian Statue |
| 18:30 | Creature Carapace |
| 19:49 | Scroll of Town Portal |
| 19:54 | Obsidian Statue |
| 21:02 | Acolyte |
| 22:35 | Necropolis |
| 22:53 | Frost Armor |
| 23:04 | Death Coil |
| 23:14 | Scroll of Town Portal |
| 23:14 | Scroll of Healing |
| 23:40 | Nerubian Tower |
| 23:43 | Ziggurat |
| 24:05 | Scroll of Healing |
| Right click | 1055 |
| Select group | 262 |
| Select | 237 |
| Build/train/purchase | 97 |
| Use ability | 52 |
| Assign group | 27 |
| Chat | 19 |
| Item give/drop | 2 |
| Misc. action | 1 |
| Remove unit | 1 |
| Minimap ping | 1 |


| Rod of Necromancy | 2 | 300 |
| Potion of Mana | 3 | 600 |
| Orb of Corruption | 1 | 375 |
| Potion of Healing | 3 | 450 |
| Scroll of Town Portal | 3 | 1050 |
| Scroll of Healing | 5 | 1250 |
| Potion of Lesser Invulnerability | 2 | 300 |
| total: | 19 | 4325g |
| Acolyte | 7 | 525 | / | 0 |
| Ghoul | 3 | 360 | / | 0 |
| Crypt Fiend | 13 | 2795 | / | 520 |
| Obsidian Statue | 3 | 600 | / | 105 |
| Abomination | 9 | 2160 | / | 630 |
| total: | 35 | 6440g | / | 1255w |
| Nerubian Tower | 4 | 400 | / | 80 |
| Crypt | 1 | 200 | / | 50 |
| Graveyard | 1 | 215 | / | 0 |
| Altar of Darkness | 1 | 180 | / | 50 |
| Ziggurat | 6 | 900 | / | 300 |
| Tomb of Relics | 1 | 130 | / | 30 |
| Necropolis | 1 | 225 | / | 0 |
| Slaughterhouse | 1 | 140 | / | 135 |
| Halls of the Dead | 2 | 640 | / | 420 |
| Black Citadel | 1 | 325 | / | 230 |
| total: | 12 | 1990g | / | 565w |
| 0:02 | Acolyte |
| 0:02 | Acolyte |
| 0:06 | Crypt |
| 0:45 | Graveyard |
| 0:49 | Altar of Darkness |
| 1:02 | Ziggurat |
| 1:08 | Ghoul |
| 1:41 | Tomb of Relics |
| 1:53 | Ghoul |
| 2:01 | Ziggurat |
| 2:17 | Crypt Fiend |
| 2:34 | Crypt Fiend |
| 2:50 | Rod of Necromancy |
| 2:53 | Death Coil |
| 3:25 | Halls of the Dead |
| 3:42 | Crypt Fiend |
| 3:53 | Rod of Necromancy |
| 4:35 | Crypt Fiend |
| 4:40 | Ziggurat |
| 5:34 | Crypt Fiend |
| 5:38 | Nerubian Tower |
| 5:52 | Potion of Mana |
| 6:23 | Slaughterhouse |
| 6:32 | Unholy Aura |
| 6:47 | Frost Nova |
| 7:02 | Crypt Fiend |
| 7:03 | Black Citadel |
| 7:37 | Obsidian Statue |
| 8:01 | Ziggurat |
| 8:03 | Creature Attack |
| 8:31 | Death Coil |
| 8:39 | Web |
| 9:12 | Crypt Fiend |
| 9:48 | Frost Armor |
| 9:51 | Abomination |
| 10:05 | Destroyer Form |
| 10:12 | Scroll of Town Portal |
| 10:15 | Orb of Corruption |
| 10:28 | Acolyte |
| 10:40 | Abomination |
| 10:44 | Scroll of Healing |
| 10:55 | Ziggurat |
| 11:10 | Potion of Lesser Invulnerability |
| 11:24 | Abomination |
| 12:02 | Ghoul |
| 12:27 | Nerubian Tower |
| 12:41 | Acolyte |
| 12:42 | Backpack |
| 12:43 | Ziggurat |
| 13:14 | Necropolis |
| 13:25 | Unholy Armor |
| 13:37 | Acolyte |
| 13:38 | Acolyte |
| 14:38 | Crypt Fiend |
| 15:00 | Scroll of Healing |
| 15:24 | Obsidian Statue |
| 15:24 | Crypt Fiend |
| 15:40 | Crypt Fiend |
| 15:43 | Frost Nova |
| 15:59 | Obsidian Statue |
| 16:56 | Scroll of Healing |
| 16:57 | Potion of Healing |
| 16:59 | Potion of Mana |
| 17:04 | Acolyte |
| 17:12 | Abomination |
| 17:39 | Abomination |
| 17:55 | Potion of Lesser Invulnerability |
| 17:56 | Scroll of Healing |
| 18:07 | Abomination |
| 18:10 | Improved Unholy Armor |
| 18:10 | Advanced Unholy Armor |
| 18:34 | Crypt Fiend |
| 18:35 | Abomination |
| 19:52 | Crypt Fiend |
| 19:52 | Abomination |
| 19:59 | Scroll of Town Portal |
| 20:18 | Scroll of Town Portal |
| 20:20 | Death Pact |
| 22:59 | Crypt Fiend |
| 23:00 | Abomination |
| 23:29 | Potion of Healing |
| 23:30 | Potion of Mana |
| 23:30 | Scroll of Healing |
| 24:33 | Potion of Healing |
| Right click | 1609 |
| Select group | 1296 |
| Select | 492 |
| Build/train/purchase | 135 |
| Misc. action | 100 |
| Use ability | 86 |
| Assign group | 39 |
| Resource trade | 16 |
| Item give/drop | 6 |
| Minimap ping | 3 |
⇛